 Dungeon Crawl Stone Soup version 0.31-a0-851-g7ff8af7976 (webtiles) character file.

Game seed: 3262771060735054475

236 LeprechaunX the Changeling (level 6, -2/41 HPs)
             Began as an Octopode Shapeshifter on Oct 5, 2023.
             Was a Plaything of Xom.
             Slain by Prince Ribbit (12 damage)
             ... on level 6 of the Dungeon.
             The game lasted 00:03:01 (1571 turns).

LeprechaunX the Changeling (Octopode Shapeshifter)  Turns: 1571, Time: 00:03:03

Health: -2/41      AC:  1    Str: 15    XL:     6   Next: 6%
Magic:  6/6        EV: 18    Int: 13    God:    Xom [..*...]
Gold:   82         SH:  0    Dex: 11    Spells: 5/5 levels left

rFire   . .          .
                       - Unarmed
rCold   . . .        (no shield)
rNeg    . . .        (helmet currently unavailable)
rPois   .            (no amulet)
rElec   .            m - +5 ring of evasion
rCorr   .            (no ring)
SInv    .            (no ring)
Will    .....        (no ring)
Stlth   ++           (no ring)
HPRegen 0.26/turn    (no ring)
MPRegen 0.10/turn    (no ring)
                     (no ring)

%: no passive effects
@: beast-form
A: beast (slay +2), almost no armour, amphibious, 8 rings, camouflage 1,
gelatinous body 1, (nimble swimmer 1), tentacles
a: Begin Untransformation, Renounce Religion


You were on level 6 of the Dungeon.
You worshipped Xom.
You were a toy of Xom.
You were a hulking beast.
You visited 1 branch of the dungeon, and saw 4 of its levels.

You collected 82 gold pieces.

Inventory:

Hand Weapons
 a - a +0 sling
Missiles
 p - 5 atropa-tipped darts
Jewellery
 m - a +5 ring of evasion (left tentacle)
Talismans
 b - a beast talisman (active)
 c - a flux talisman
Scrolls
 e - 2 scrolls of amnesia {unknown}
 f - 2 scrolls of identify {unknown}
 g - a scroll of fog {unknown}
 l - a scroll of poison {unknown}
 n - a scroll of enchant armour {unknown}
 o - a scroll of enchant weapon {unknown}
Potions
 d - a potion of mutation {unknown}
 h - a potion of attraction {unknown}
 i - 2 potions of lignification
 j - 2 potions of might {unknown}
 k - a potion of invisibility {unknown}
 q - 2 potions of enlightenment {unknown}


   Skills:
 + Level 2.6 Fighting
 + Level 3.2 Dodging
 + Level 3.9 Unarmed Combat
 * Level 4.5 Shapeshifting


You had 5 spell levels left.
You didn't know any spells.
Your spell library was empty.

Dungeon Overview and Level Annotations

Branches:
Dungeon (3/15)

Altars:
Ashenzari
Xom

Shops:
D:2 [!:

Annotations:
D:6 Prince Ribbit


Innate Abilities, Weirdness & Mutations

You are a hulking beast.
Your limbs bulge with bestial killing power. (Slay +2)
You cannot wear most types of armour.
You are amphibious.
You can wear up to eight rings at the same time.
Your skin changes colour to match your surroundings (Stealth+).
Your rubbery body absorbs attacks. (AC +1, EV +1)
((You are camouflaged when in or above water. (Stealth+)))
You have tentacles for arms and can constrict up to eight enemies at once.


Message History

A white imp comes into view.
The white imp shouts, "Begone, thou bumbling dread-bolted vulture!"
The white imp gestures at you. The puff of frost hits you.
Found a stone staircase leading down.
You tentacle-slap the white imp. Your grab misses the white imp.
The white imp is moderately wounded.
The white imp misses you.
You tentacle-slap the white imp but do no damage.
You grab the white imp.
The white imp is moderately wounded.
You constrict the white imp. The white imp hits you. The white imp freezes you.
You tentacle-slap the white imp but do no damage.
The white imp is moderately wounded.
You constrict the white imp. The white imp misses you.
You tentacle-slap the white imp. You squeeze the white imp.
The white imp is almost dead.
You constrict the white imp.
You kill the white imp!
Prince Ribbit comes into view.
Prince Ribbit croaks.
You hear an angry growl.
Prince Ribbit blinks!
Prince Ribbit blinks!
Prince Ribbit blinks!
Prince Ribbit barely misses you.
You tentacle-slap Prince Ribbit. Your grab misses Prince Ribbit.
Prince Ribbit is lightly wounded.
Prince Ribbit hits you! Prince Ribbit completely misses you.
You miss Prince Ribbit. Your grab misses Prince Ribbit.
Prince Ribbit is lightly wounded.
Prince Ribbit barely misses you.
You miss Prince Ribbit. Your grab misses Prince Ribbit.
Prince Ribbit is lightly wounded.
Prince Ribbit hits you!
* * * LOW HITPOINT WARNING * * *
You miss Prince Ribbit. Your grab misses Prince Ribbit.
Prince Ribbit is lightly wounded.
Prince Ribbit hits you!
You die...
Xom chortles!

#.... ###.#####.##...
#....####...####.....#
.....##.#.....##....###
..............###....#
#....#.........###...#
ยง...........###.##
###......### ###
##F.......# #.h.>....##
##..##.### #...###
##.## ###


You could see Prince Ribbit.

Vanquished Creatures
  A black bear (D:6)
  An iguana (D:6)
  5 adders
  A white imp (D:6)
  A worm (D:2)
  6 dart slugs
  5 ball pythons
  8 bats
  3 endoplasms
  5 giant cockroaches
  3 goblins
  2 hobgoblins
  2 jackals
  3 quokkas (D:2)
  4 frilled lizards
  4 kobolds
  3 rats
57 creatures vanquished.

Notes
Turn   | Place    | Note
-------+----------+-------------------------------------------
     0 | D:1      | LeprechaunX the Octopode Shapeshifter began the quest for
                  | the Orb.
     0 | D:1      | Reached XP level 1. HP: 13/13 MP: 1/1
    81 | D:1      | Reached XP level 2. HP: 18/18 MP: 2/2
   541 | D:1      | Reached XP level 3. HP: 23/23 MP: 3/3
   810 | D:2      | Found Viubbasa's Armour Emporium.
   892 | D:2      | Found a faded altar of an unknown god.
   899 | D:2      | Reached XP level 4. HP: 23/29 MP: 4/4
   923 | D:2      | Found a broken altar of Ashenzari.
   936 | D:2      | Prayed at the altar of an unknown god.
   936 | D:2      | Became a worshipper of Xom of Chaos
  1109 | D:2      | XOM: silly message
  1117 | D:2      | Found Wamips's Distillery.
  1164 | D:2      | Found Moc Tiusa's Book Shoppe.
  1455 | D:3      | You fall into a shaft and drop 3 floors!
  1464 | D:6      | Reached skill level 4 in Shapeshifting
  1475 | D:6      | Noticed a black bear
  1479 | D:6      | Reached XP level 5. HP: 18/34 MP: 5/5
  1500 | D:6      | XOM: potion effect (heal wounds)
  1504 | D:6      | Killed a black bear
  1505 | D:6      | Reached XP level 6. HP: 30/41 MP: 6/6
  1560 | D:6      | Noticed Prince Ribbit
  1571 | D:6      | Slain by Prince Ribbit

Illustrated notes

Levels and vault maps discovered:
D:1:      onia_arrival_pyramid, layout_rooms, serial_co_window_serial,
          co_window_of_opportunity_a, co_window_paths_a,
          co_window_of_opportunity_a, co_window_paths_a, co_window_corner_a,
          co_window_unsneaky_path_a, co_window_of_opportunity_c,
          co_window_paths_c, co_window_cross_3, co_window_paths_c,
          co_window_paths_d, glass_columns_a, minmay_close_crescents
D:2:      layout_rooms, basic_altar,
          hellmonk_ecumenical_altar_pennies_from_heaven, serial_shops, shop,
          nicolae_shop_tiny_real_fake_doors, shop_fountains
D:3:      layout_loops_ring, serial_forest, infiniplex_forest_end_double,
          infiniplex_forest_clump_small, infiniplex_forest_3_way,
          infiniplex_forest_lined_1, infiniplex_forest_straight_3,
          infiniplex_forest_lined_room_2, infiniplex_forest_clump_double,
          infiniplex_forest_straight_3, cheibrodos_sewer_entry_bend,
          minmay_misc_feat_nine_boxes
D:6:      layout_cave_pools, tgw_xom, uniq_prince_ribbit1

Skill      XL: |  1  2  3  4  5 |
---------------+----------------+-----
Fighting       | 2 |  2.6
Shapeshifting  | 4 |  4.5
Dodging        | 3 |  3.2
Unarmed Combat | |  3.9

Action                     |  1- 3 |  4- 6 || total
---------------------------+-------+-------++-------
  Melee: Unarmed           |    57 |    50 ||   107
         Tentacles         |    11 |    15 ||    26
         Constrict         |    14 |    13 ||    27
         Punch             |     1 |     1 ||     2
   Stab: Sleeping          |     1 |     4 ||     5
 Armour: Skin              |    22 |    17 ||    39
  Dodge: Dodged            |    42 |    35 ||    77

Table legend: (Time is in decaauts)
 A = Elapsed time spent in this place.
 B = Non-inter-level travel time spent in this place.
 C = Inter-level travel time spent in this place.
 D = Time resting spent in this place.
 E = Time spent auto-exploring this place.
 F = Levels seen in this place.
 G = Mean time per level.
                   A        B        C        D        E       F      G
               +--------+--------+--------+--------+--------+-----+--------+
         Total |   1563 |   1450 |    113 |      0 |    961 |   4 |  390.8 |
       Dungeon |   1563 |   1450 |    113 |      0 |    961 |   4 |  390.8 |
               +--------+--------+--------+--------+--------+-----+--------+

Top non-repeatable levels by time:
     D:1: 719 daAuts
     D:2: 529 daAuts
     D:3: 200 daAuts
     D:6: 114 daAuts
